 Dungeon Sprint DCSS version 0.29.1-15-g9cfb28693d (webtiles) character file.

Game seed: 9412571400761069383

1700000 DiggyJ the Conqueror (level 17, 0/174 HPs)
             Began as a Demonspawn Berserker on Apr 5, 2023.
             Was a High Priest of Trog.
             Slain by a meat berserker
             ... wielding a +9 battleaxe
              (46 damage)
             ... in the Dungeon (Sprint VIII: "Arena of Blood").
             The game lasted 00:02:09 (17 turns).

DiggyJ the Conqueror (Demonspawn Berserker)           Turns: 17, Time: 00:02:09

Health: 0/174      AC: 15    Str: 25    XL:     17   Next: 46%
Magic:  17/17      EV: 22    Int:  9    God:    Trog [*****.]
Gold:   0          SH:  0    Dex: 13    Spells: 16/16 levels left

rFire   . . .      SeeInvis .   h - +∞ Axe of Woe
rCold   . . .      Faith    .   (shield currently unavailable)
rNeg    . . .      Spirit   .   a - +0 animal skin
rPois   .          Reflect  .   (helmet unavailable)
rElec   .          Harm     .   (no cloak)
rCorr   .          Rampage  .   (no gloves)
Will    +....      NoTele   +   (no boots)
Stlth   +.........              (no amulet)
HPRegen 0.39/turn               (no ring)
MPRegen 0.15/turn               (no ring)

@: sanguine armoured
A: horns 3, powered by pain 2, augmentation 3, sanguine armour 3, demonic magic
2
a: Renounce Religion, Berserk, Trog's Hand, Brothers in Arms


You were in the Dungeon.
You worshipped Trog.
Trog was extremely pleased with you.
You visited 1 branch

Inventory:

Hand Weapons
 h - the +∞ Axe of Woe (weapon)
   (You found it in the Dungeon)
Armour
 a - a +0 animal skin (worn)
Potions
 b - a potion of curing
 d - a potion of haste
 e - 2 potions of magic
 f - a potion of berserk rage


   Skills:
 O Level 27 Fighting
 O Level 27 Axes
 + Level 18.0 Armour
 + Level 21.8 Dodging
 O Level 27 Unarmed Combat


You had 16 spell levels left.
You didn't know any spells.
Your spell library was empty.

Dungeon Overview and Level Annotations

Branches:
Dungeon (1/1)

Altars:
Makhleb


Innate Abilities, Weirdness & Mutations

You have a pair of large horns on your head.
You sometimes gain power by taking damage.
Your magical and physical power is greatly enhanced at high health.
When seriously injured, your blood forms very thick armour. (AC +12)
Spells you cast may paralyse nearby enemies.


Message History

The destroyer blinks!
A bag of meat comes into view. It is wielding a +9 war axe. x2
The bag of meat moves out of view.
The meat berserker moves out of view.
You hear a shout! x2
A meat berserker and a bag of meat come into view.
You feel much better.
The bag of meat shouts! x3; You hear a shout!
The meat berserker rages.
You hear a shout! x5
A meat berserker comes into view. It is wielding a +9 battleaxe.
A bag of meat comes into view. It is wielding a +9 war axe.
You hear a shout!
A bag of meat comes into view. It is wielding a +9 war axe.
You hear a shout! x2
The meat berserker rages.
You hear a shout! x2
You slice the destroyer!!
You slaughter the destroyer joyfully.
You destroy the destroyer!
Trog accepts your kill.
Trog appreciates your killing of a magic user.
You slice the bag of meat!!
You slaughter the bag of meat joyfully.
You kill the bag of meat!
Trog accepts your kill.
The destroyer appears out of thin air!
A destroyer comes into view. It is wielding a +9 vorpal great sword.
The destroyer shouts!
You hear a shout! x6
A meat berserker comes into view. It is wielding a +9 battleaxe.
You hear a shout!
The meat berserker hits you with a +9 battleaxe!!
* * * LOW HITPOINT WARNING * * *
You hear a shout!
You have mastered Axes!
Your Armour skill gained 2 levels and is now at level 18!
Your Dodging skill gained 2 levels and is now at level 21!
You have reached level 17!
Your demonic ancestry asserts itself...
You feel saturated with power.
The meat berserker attacks as you move away!
The meat berserker hits you with a +9 battleaxe!!!
You die...

..... .... .####..oo
.... ....o.......o.oo
.oo.. ...o.....o.....oo#
O.o..
......o.....o...OOooo...
.....o..........O#O.....
.....#o..o.V.o..)oo..O..
.....#....o.o.oO@#
.....###))).oo....o.....
###..V..)o)o....###.....
._.....))))...o.. ....
....#..o....#.#.. ...
.<._#........... .=
....#o.....#.#.#. .
._...............
###.O.......#.#.#


You could see a destroyer, 7 meat berserkers and 28 bags of meat.

Vanquished Creatures
  A vampire knight (D)
  7 ogres (D)
  9 orcs (D)
17 creatures vanquished.

Notes
Turn   | Place    | Note
-------+----------+-------------------------------------------
     0 | D        | Found the +∞ Axe of Woe
     0 | D        | DiggyJ the Demonspawn Berserker began the quest for the
                  | Orb.
     0 | D        | Reached XP level 1. HP: 18/18 MP: 1/1
     2 | D        | Noticed a bag of meat
     3 | D        | Noticed a bag of meat
     5 | D        | Noticed a meat berserker
     5 | D        | Noticed a bag of meat
     6 | D        | Noticed a bag of meat
     8 | D        | Noticed a bag of meat
     8 | D        | Noticed a bag of meat
     8 | D        | Noticed a bag of meat
     8 | D        | Noticed a meat berserker
     8 | D        | Noticed a bag of meat
     8 | D        | Noticed a bag of meat
     9 | D        | Killed a meat berserker
     9 | D        | Noticed a meat berserker
     9 | D        | Noticed a meat berserker
     9 | D        | Noticed a bag of meat
     9 | D        | Noticed a meat berserker
     9 | D        | Noticed a meat berserker
     9 | D        | Noticed a meat berserker
    10 | D        | Gained mutation: Spells you cast may paralyse adjacent
                  | enemies. [demonic ancestry]
    10 | D        | Reached XP level 2. HP: 48/48 MP: 2/2
    10 | D        | Gained mutation: Spells you cast may paralyse nearby
                  | enemies. [demonic ancestry]
    10 | D        | Reached XP level 3. HP: 54/54 MP: 3/3
    10 | D        | Reached XP level 4. HP: 62/62 MP: 4/4
    10 | D        | Gained mutation: You have a pair of small horns on your
                  | head. [demonic ancestry]
    10 | D        | Reached XP level 5. HP: 68/68 MP: 5/5
    10 | D        | Reached XP level 6. HP: 75/75 MP: 6/6
    10 | D        | Gained mutation: When seriously injured, your blood forms
                  | armour. (AC +12) [demonic ancestry]
    10 | D        | Reached XP level 7. HP: 82/82 MP: 7/7
    10 | D        | Reached XP level 8. HP: 89/89 MP: 8/8
    10 | D        | Gained mutation: When seriously injured, your blood forms
                  | thick armour. (AC +12) [demonic ancestry]
    10 | D        | Reached XP level 9. HP: 95/95 MP: 9/9
    10 | D        | Gained mutation: You sometimes gain a little power by
                  | taking damage. [demonic ancestry]
    10 | D        | Reached XP level 10. HP: 102/102 MP: 10/10
    10 | D        | Gained mutation: You have a pair of horns on your head.
                  | [demonic ancestry]
    10 | D        | Reached XP level 11. HP: 109/109 MP: 11/11
    10 | D        | Killed a bag of meat
    10 | D        | Reached ** piety under Trog
    10 | D        | Noticed a bag of meat
    10 | D        | Noticed a destroyer
    10 | D        | Noticed a bag of meat
    10 | D        | Noticed a bag of meat
    10 | D        | Noticed a bag of meat
    11 | D        | Reached skill level 5 in Axes
    11 | D        | Reached skill level 10 in Armour
    11 | D        | Reached skill level 10 in Dodging
    11 | D        | Gained mutation: You sometimes gain power by taking damage.
                  | [demonic ancestry]
    11 | D        | Reached XP level 12. HP: 108/120 MP: 12/12
    11 | D        | Noticed a bag of meat
    11 | D        | Noticed a bag of meat
    11 | D        | Noticed a bag of meat
    11 | D        | Noticed a bag of meat
    11 | D        | Noticed a bag of meat
    11 | D        | Noticed a bag of meat
    12 | D        | Noticed a bag of meat
    12 | D        | Killed a meat berserker
    12 | D        | Killed a bag of meat
    12 | D        | Killed a bag of meat
    12 | D        | Reached *** piety under Trog
    12 | D        | Killed a bag of meat
    12 | D        | Killed a bag of meat
    12 | D        | Killed a bag of meat
    12 | D        | Noticed a meat berserker
    12 | D        | Noticed a bag of meat
    12 | D        | Noticed a bag of meat
    12 | D        | Noticed a bag of meat
    13 | D        | Gained mutation: You have a pair of large horns on your
                  | head. [demonic ancestry]
    13 | D        | Reached XP level 13. HP: 38/139 MP: 13/13
    13 | D        | Gained mutation: When seriously injured, your blood forms
                  | very thick armour. (AC +12) [demonic ancestry]
    13 | D        | Reached XP level 14. HP: 40/146 MP: 14/14
    13 | D        | Killed a meat berserker
    13 | D        | Reached **** piety under Trog
    13 | D        | Killed a meat berserker
    13 | D        | Killed a bag of meat
    13 | D        | Killed a bag of meat
    13 | D        | Reached ***** piety under Trog
    13 | D        | Killed a meat berserker
    13 | D        | Received a gift from Trog
    13 | D        | Killed a meat berserker
    13 | D        | Killed a meat berserker
    13 | D        | Noticed a meat berserker
    13 | D        | Noticed a bag of meat
    13 | D        | Noticed a bag of meat
    13 | D        | Noticed a bag of meat
    14 | D        | Reached skill level 27 in Fighting
    14 | D        | Reached skill level 27 in Unarmed Combat
    14 | D        | Gained mutation: Your magical and physical power is
                  | slightly enhanced at high health. [demonic ancestry]
    14 | D        | Reached XP level 15. HP: 44/159 MP: 15/15
    14 | D        | Gained mutation: Your magical and physical power is
                  | enhanced at high health. [demonic ancestry]
    14 | D        | Reached XP level 16. HP: 46/167 MP: 16/16
    14 | D        | Noticed a meat berserker
    14 | D        | Noticed a meat berserker
    14 | D        | Noticed a meat berserker
    14 | D        | Noticed a destroyer
    14 | D        | Noticed a meat berserker
    15 | D        | Noticed a meat berserker
    15 | D        | Noticed a meat berserker
    16 | D        | Killed a destroyer
    16 | D        | Noticed a destroyer
    16 | D        | Noticed a meat berserker
    17 | D        | Reached skill level 27 in Axes
    17 | D        | Gained mutation: Your magical and physical power is greatly
                  | enhanced at high health. [demonic ancestry]
    17 | D        | Reached XP level 17. HP: 46/174 MP: 17/17
    17 | D        | Slain by a meat berserker

Illustrated notes

Levels and vault maps discovered:
D:        meatsprint

Skill      XL: |  1  2  3  4  5  6  7  8  9 10 11 12 13 14 15 16 |
---------------+-------------------------------------------------+-----
Fighting       | 18 19 24 27 | 27.0
Axes           | 4 5 12 24 27 | 27.0
Armour         | 9 10 13 16 18 | 18.0
Dodging        | 9 10 13 19 21 | 21.8
Unarmed Combat | 17 18 23 27 | 27.0

Action                   |  1- 3 |  4- 6 |  7- 9 | 10-12 | 13-15 | 16-18 || total
-------------------------+-------+-------+-------+-------+-------+-------++-------
Melee: Executioner's axe |     1 |       |       |     2 |     1 |     1 ||     5
  Use: Scroll            |       |       |       |       |       |     1 ||     1
       Potion            |       |       |       |       |       |     1 ||     1
Dodge: Dodged            |       |       |       |     2 |       |       ||     2
